 Dungeon Crawl Stone Soup version 0.32-a0-975-g85d4e5bfdb (webtiles) character file.

Game seed: 8549120051817148969

38 PriceMaster the Magician (level 3, -9/16 HPs)
             Began as a Spriggan Earth Elementalist on Apr 19, 2024.
             Mangled by Terence
             ... wielding a +0 flail
              (11 damage)
             ... on level 2 of the Dungeon.
             The game lasted 00:00:46 (1056 turns).

PriceMaster the Magician (SpEE)                     Turns: 1056, Time: 00:00:46

Health: -9/16      AC:  2    Str:  4    XL:     3   Next: 25%
Magic:  2/9        EV: 16    Int: 18    God:
Gold:   38         SH:  0    Dex: 15    Spells: 8/9 levels left

rFire   . . .        (weapon restricted)
rCold   . . .        (no shield)
rNeg    . . .        a - +0 robe
rPois   .            (helmet restricted)
rElec   .            (no cloak)
rCorr   .            (gloves unavailable)
SInv    +            (boots unavailable)
Will    .....        (no amulet)
Stlth   ++           (no ring)
HPRegen 0.22/turn    (no ring)
MPRegen 0.11/turn

%: no passive effects
@: very quick
A: very small, no large weapons, unfitting armour, see invisible, speed 3
a: no special abilities


You were on level 2 of the Dungeon.
You visited 1 branch of the dungeon, and saw 2 of its levels.

You collected 38 gold pieces.

Inventory:

Armour
 a - a +0 robe (worn)
Scrolls
 d - 2 scrolls of revelation {unknown}
 e - 2 scrolls of amnesia {unknown}
Potions
 b - a potion of magic
 c - 2 potions of curing {unknown}
 f - a potion of lignification {unknown}


   Skills:
 + Level 2.9 Dodging
 * Level 3.4 Stealth
 * Level 3.9 Spellcasting
 + Level 0.6 Conjurations
 + Level 3.0 Earth Magic


You had 8 spell levels left.
You knew the following spells:

 Your Spells              Type           Power      Damage    Failure   Level
a - Sandblast             Erth           28%        2d8       4%          1

Your spell library contained the following spells:

 Spells                   Type           Power      Damage    Failure   Level
 Passwall                 Erth           14%        N/A       13%         3
 Stone Arrow              Conj/Erth      20%        3d8       22%         3
 Brom's Barrelling Bould  Conj/Erth      10%        2d3       56%         4
 Petrify                  Alch/Erth      9%         N/A       61%         4


Dungeon Overview and Level Annotations

Branches:
Dungeon (2/15)

Altars:

Annotations:
D:2 Terence


Innate Abilities, Weirdness & Mutations

You are very small and have problems with some larger weapons.
You are too small for most types of armour.
You have supernaturally acute eyesight. (SInv)
You cover ground extremely quickly. (Speed+++)


Message History

You can't see any susceptible monsters within range! (Use Z to cast anyway.)
You can't see any susceptible monsters within range! (Use Z to cast anyway.)
A bat and Terence come into view.
An endoplasm comes into view.
A ribbon worm comes into view.
Found a stone staircase leading down.
There are monsters nearby!
There are monsters nearby!
The blast of sand hits the bat.
You kill the bat!
The ribbon worm expels a string of sticky webbing.
The stream of webbing hits you but does no damage.
You are caught in a web!
The blast of sand hits the endoplasm.
The endoplasm is almost dead.
The endoplasm hits you.
The blast of sand hits the endoplasm.
You kill the endoplasm!
The blast of sand misses the ribbon worm.
The blast of sand hits the ribbon worm!
The ribbon worm is heavily wounded.
Terence shouts!
The ribbon worm barely misses you.
The blast of sand hits the ribbon worm!
The ribbon worm is almost dead.
The ribbon worm bites you but does no damage.
The ribbon worm closely misses you.
The blast of sand hits the ribbon worm.
You kill the ribbon worm!
The blast of sand hits Terence but does no damage.
Terence hits you with a +0 flail!
Ouch! That really hurt!
You are too injured to fight recklessly!
You are too injured to fight recklessly!
The web tears apart.
Terence misses you. Terence attacks as he pursues you!
Terence hits you with a +0 flail.
* * * LOW HITPOINT WARNING * * *
Terence attacks as he pursues you! Terence hits you with a +0 flail!
Ouch! That really hurt!
You die...
Terence says, "Rest in peace."

.......######
............#
............#
..>....#....#
.......#!...# ########
............# #.......
......†.[...# #.......
.......#.@..## #.......
..##..##.@...###
#.......
####........####.†.....
#####.##...<........
#...####[.......
#.......#####.#...
..................#
...........)....#..
####....#......###.
#.......###.####


You could see Terence.

Vanquished Creatures
  3 dart slugs
  A ribbon worm (D:2)
  An endoplasm (D:2)
  3 goblins
  A hobgoblin (D:1)
  3 jackals (D:2)
  2 quokkas
  A ball python (D:2)
  7 bats
  3 frilled lizards (D:1)
  3 kobolds
  A rat (D:1)
29 creatures vanquished.

Notes
Turn   | Place    | Note
-------+----------+-------------------------------------------
     0 | D:1      | PriceMaster the Spriggan Earth Elementalist began the quest
                  | for the Orb.
     0 | D:1      | Reached XP level 1. HP: 9/9 MP: 5/5
   207 | D:1      | Reached XP level 2. HP: 13/13 MP: 5/7
   548 | D:1      | Found a faded altar of an unknown god.
   940 | D:2      | Reached XP level 3. HP: 16/16 MP: 6/9
  1042 | D:2      | Noticed Terence
  1056 | D:2      | Mangled by Terence

Illustrated notes

Levels and vault maps discovered:
D:1:      ebering_trefoil_twist, layout_basic,
          dreamdust_ecumenical_altar_angels_and_demons
D:2:      layout_rooms, st_stairs_5, uniq_terence

Skill      XL: |  1  2 |
---------------+-------+-----
Spellcasting   | 3 |  3.9
Earth Magic    | 3 |  3.0
Dodging        | |  2.9
Stealth        | |  3.4
Conjurations   | |  0.6

Action                     || total
---------------------------++-------
  Melee: Unarmed           ||     3
   Cast: Sandblast         ||    43
 Armour: Robe              ||    12
  Dodge: Dodged            ||    25

Table legend: (Time is in decaauts)
 A = Elapsed time spent in this place.
 B = Non-inter-level travel time spent in this place.
 C = Inter-level travel time spent in this place.
 D = Time resting spent in this place.
 E = Time spent auto-exploring this place.
 F = Levels seen in this place.
 G = Mean time per level.
                   A        B        C        D        E       F      G
               +--------+--------+--------+--------+--------+-----+--------+
         Total |    811 |    795 |     16 |      0 |    675 |   2 |  405.5 |
       Dungeon |    811 |    795 |     16 |      0 |    675 |   2 |  405.5 |
               +--------+--------+--------+--------+--------+-----+--------+

Top non-repeatable levels by time:
     D:1: 614 daAuts
     D:2: 197 daAuts
